 Dungeon Crawl Stone Soup version 0.19.5 (webtiles) character file.

7095 Peloso the Carver (level 10, -12/89 HPs)
             Began as a Minotaur Fighter on Mar 23, 2017.
             Was an Elder of Okawaru.
             Hit by a large rock thrown by a stone giant (43 damage)
             ... on level 9 of the Dungeon.
             The game lasted 00:19:41 (8083 turns).

Peloso the Carver (Minotaur Fighter)                Turns: 8083, Time: 00:19:42

Health: -12/89     AC: 12    Str: 26    XL:     10   Next: 84%
Magic:  9/9        EV:  9    Int:  5    God:    Okawaru [****..]
Gold:   662        SH: 15    Dex: 13    Spells: 0 memorised, 9 levels left

rFire  . . .     SeeInvis .     F - +5 long sword (curse)
rCold  . . .     Gourm    .     j - +0 chain mail
rNeg   . . .     Faith    .     e - +2 shield
rPois  +         Spirit   .     (helmet restricted)
rElec  .         Reflect  .     G - +0 cloak
rCorr  .         Harm     .     (no gloves)
MR     .....                    (no boots)
Stlth  ..........               z - amulet of rage
                                (no ring)
                                y - ring of poison resistance

@: mighty
A: retaliatory headbutt, horns 2
a: Heroism, Renounce Religion, Evoke Berserk Rage


You were on level 9 of the Dungeon.
You worshipped Okawaru.
Okawaru was greatly pleased with you.
You were not hungry.

You visited 2 branches of the dungeon, and saw 10 of its levels.
You also visited: Sewer.

You collected 662 gold pieces.

Inventory:

Hand Weapons
 a - a +1 long sword
 F - a cursed +5 long sword (weapon)
 H - a +2 short sword
Armour
 e - a +2 shield (worn)
 j - a +0 chain mail (worn)
 G - a +0 cloak (worn)
Jewellery
 w - an uncursed ring of wizardry
 x - an uncursed ring of flight
 y - a ring of poison resistance (left hand)
 z - an amulet of rage (around neck)
 J - an uncursed ring of protection from cold {unknown}
Wands
 c - a wand of lightning (3/15)
 d - a wand of polymorph (12/24)
 v - a wand of flame (0/48)
 A - a wand of flame (8/48)
 B - a wand of lightning (9/15)
 L - a wand of polymorph (14/24)
Scrolls
 b - 2 scrolls of holy word
 i - a scroll of identify
 l - a scroll of fog
 m - 2 scrolls of remove curse
 u - 3 scrolls of magic mapping
 C - a scroll of amnesia
 D - a scroll of teleportation
 I - a scroll of summoning {unknown}
 N - a scroll of fear {unknown}
Potions
 k - 2 potions of flight
 n - a potion of resistance
 o - 5 potions of heal wounds
 p - 9 potions of curing
 r - 3 potions of brilliance
 t - a potion of might
 M - a potion of invisibility {unknown}
 O - a potion of haste {unknown}
Books
 E - a book of Power

   Spells                             Type                      Level
   a - Fulminant Prism                Conjuration/Hexes            4
   b - Iskenderun's Mystic Blast      Conjuration                  4
   c - Venom Bolt                     Conjuration/Poison           5
   d - Bolt of Magma                  Conjuration/Fire/Earth       5
   e - Iron Shot                      Conjuration/Earth            6
   f - Orb of Destruction             Conjuration                  7
   g - Spellforged Servitor           Conjuration/Summoning        7
 K - a book of Cantrips

   Spells                             Type                      Level
   a - Confusing Touch                Hexes                        1
   b - Animate Skeleton               Necromancy                   1
   c - Summon Small Mammal            Summoning                    1
   d - Apportation                    Translocation                1
Comestibles
 f - 12 bread rations
 g - a fruit
 h - a chunk of flesh
 q - 2 meat rations
 s - 9 slices of pizza


   Skills:
 + Level 8.3 Fighting
 + Level 12.0 Long Blades
 + Level 9.2 Armour
 + Level 3.2 Dodging
 + Level 1.0 Stealth
 + Level 11.0 Shields


You had 9 spell levels left.
You didn't know any spells.

Dungeon Overview and Level Annotations

Branches:
Dungeon (9/15)             Temple (1/1) D:7
   Lair: D:8-11         Orc: D:9-12

Altars:
Ashenzari
Cheibriados
Dithmenos
Elyvilon
Fedhas
Gozag
Hepliaklqana
Kikubaaqudgha
Makhleb
Nemelex Xobeh
Okawaru
Qazlal
Ru
Sif Muna
Trog
Uskayaw
Vehumet
Xom
Yredelemnul
Zin
The Shining One

Shops:
D:5 :


Innate Abilities, Weirdness & Mutations

You reflexively headbutt those who attack you in melee.
You have a pair of horns on your head.


Message History

You block the centaur skeleton's attack.
Unknown command.
You slice one of the five-headed hydra's heads off!
The four-headed hydra grows two more!
You slash the six-headed hydra!
The six-headed hydra is lightly wounded.
You block the hound zombie's attack.
The six-headed hydra bites you but does no damage.
The six-headed hydra bites you.
You block the six-headed hydra's attack.
The six-headed hydra completely misses you.
The six-headed hydra bites you! The six-headed hydra barely misses you.
You block the centaur skeleton's attack.
A stone giant comes into view.
You hack one of the six-headed hydra's heads off!
The five-headed hydra grows two more!
You slash the seven-headed hydra! You headbutt the seven-headed hydra!
The seven-headed hydra is moderately wounded.
You block the hound zombie's attack.
The stone giant throws a large rock.
The large rock hits you!!!
You die...

..# #... ..# ## #.# #... ..#
.## #.## #... ..# ###..
#..#####... ..# #)#.##
#.......... ..# ....!#
#..##...... ..#
##l..##.#..##..#### #.# #
#ZDZ....#.###..# #.# #.##@#
##.# #..# #.# #.C..###.##.#
#..# #)# ####.....##.###..##
#.###############'#####........
#.#.........#...#.))(.#.......<
#)#....#....#.#.#####.#....####
#รท#..#...#..#.#...#...#....#
#.#.........#.###)#.###....#
#.'.#..#..#.'.#.....# #....#


You could see a stone giant, a seven-headed hydra, an iguana, a hound zombie and
a centaur skeleton.

Vanquished Creatures
  An ettin (D:9)
  A hydra (D:9)
  The ghost of Thundermex the Thaumaturge, a novice DECj of Vehumet (D:8)
  Joseph (D:8)
  A two-headed ogre (D:9)
  Eustachio (D:6)
  The ghost of Peloso the Covered, an amateur MiFi (D:3)
  A hungry ghost (D:8)
  Edmund (D:6)
  A swamp worm (shapeshifter) (D:9)
  A water moccasin (D:7)
  An orc warrior (D:9)
  An ice beast (D:8)
  2 sky beasts
  4 ogres
  3 phantoms
  A crocodile (D:9)
  2 centaurs
  A big kobold (Sewer)
  Blork the orc (D:6)
  4 bullfrogs
  A wyvern skeleton (D:9)
  4 scorpions
  10 killer bees (D:9)
  3 howler monkeys
  8 wights (D:8)
  9 crimson imps
  6 hounds
  2 centaur zombies (D:5)
  A jelly (D:9)
  An orc wizard (D:4)
  2 orc priests
  Crazy Yiuf (D:7)
  2 bullfrog skeletons
  Natasha (thrice) (D:4)
  3 worker ants
  A killer bee zombie (D:5)
  A hound skeleton (D:8)
  Robin (D:3)
  2 worker ant zombies
  A gnoll (D:1)
  12 adders
  2 shadow imps
  An ooze (D:1)
  2 adder zombies
  3 worms
  3 dart slugs
  6 leopard geckos
  5 orcs
  A ball python (D:1)
  10 giant cockroaches
  8 hobgoblins
  13 jackals
  3 quokkas
  5 bats
  2 frilled lizards
  12 goblins
  2 jackal skeletons (D:5)
  10 kobolds
  A leopard gecko zombie (D:6)
  A quokka skeleton (D:4)
  16 rats
  A fungus (D:7)
212 creatures vanquished.

Notes
Turn   | Place    | Note
-------+----------+-------------------------------------------
     0 | D:1      | Peloso the Minotaur Fighter began the quest for the Orb.
     0 | D:1      | Reached XP level 1. HP: 19/19 MP: 0/0
    71 | D:1      | Reached XP level 2. HP: 24/27 MP: 1/1
   432 | D:1      | Reached XP level 3. HP: 34/34 MP: 2/2
   446 | D:1      | Reached skill level 3 in Long Blades
   909 | D:2      | Reached XP level 4. HP: 40/41 MP: 3/3
   944 | D:2      | Found a shadowy altar of Dithmenos.
  1212 | D:2      | Found a glowing silver altar of Zin.
  1297 | D:3      | Noticed Robin
  1305 | D:3      | Reached skill level 4 in Long Blades
  1312 | D:3      | Killed Robin
  1328 | D:3      | Found a blossoming altar of Fedhas.
  1582 | D:3      | Noticed Peloso's ghost (amateur MiFi)
  1597 | D:3      | Killed Peloso's ghost
  1597 | D:3      | Reached skill level 5 in Long Blades
  1597 | D:3      | Reached XP level 5. HP: 19/47 MP: 4/4
  1798 | D:4      | Reached skill level 5 in Fighting
  1798 | D:4      | Reached skill level 5 in Shields
  1798 | D:4      | Reached XP level 6. HP: 52/56 MP: 5/5
  1965 | D:3      | Found a deep blue altar of Sif Muna.
  2109 | D:3      | Found a hazy altar of Hepliaklqana.
  2391 | D:5      | Entered Level 5 of the Dungeon
  2686 | D:5      | Noticed a sky beast
  2694 | D:5      | Killed a sky beast
  2694 | D:5      | Reached skill level 5 in Armour
  2694 | D:5      | Reached XP level 7. HP: 51/61 MP: 6/6
  2723 | D:5      | Found a shattered altar of Ashenzari.
  2916 | D:5      | Reached skill level 6 in Long Blades
  2942 | D:5      | Reached skill level 1 in Dodging
  2967 | D:5      | Found Ziluexte's Book Boutique.
  3580 | D:4      | Found a basalt altar of Yredelemnul.
  3654 | D:4      | Found a shadowy altar of Dithmenos.
  3654 | D:4      | Found a glowing golden altar of the Shining One.
  3655 | D:4      | Found a hide-covered altar of Uskayaw.
  3749 | D:4      | Noticed Natasha
  3761 | D:4      | Killed Natasha
  3805 | D:4      | Noticed Natasha
  3810 | D:4      | Killed Natasha
  3882 | D:4      | Noticed Natasha
  3897 | D:4      | Killed Natasha
  3897 | D:4      | Reached skill level 7 in Long Blades
  3897 | D:4      | Reached XP level 8. HP: 60/70 MP: 7/7
  4356 | D:6      | Noticed Edmund
  4365 | D:6      | Killed Edmund
  4506 | D:6      | Found a glowing drain.
  4534 | Sewer    | Entered a sewer
  4620 | Sewer    | Reached skill level 8 in Long Blades
  4654 | Sewer    | Found a glowing silver altar of Zin.
  4773 | D:6      | Noticed Eustachio
  4830 | D:6      | Killed Eustachio
  4876 | D:6      | Noticed Blork the orc
  4894 | D:6      | Killed Blork the orc
  5004 | D:6      | Reached XP level 9. HP: 72/78 MP: 8/8
  5386 | D:7      | Found a staircase to the Ecumenical Temple.
  5396 | Temple   | Entered the Ecumenical Temple
  5609 | Temple   | Became a worshipper of Warmaster Okawaru
  5776 | D:7      | Found a runed door.
  5780 | D:7      | Noticed Crazy Yiuf
  5785 | D:7      | Killed Crazy Yiuf
  5880 | D:7      | Reached skill level 9 in Long Blades
  6444 | D:7      | Found a burning altar of Makhleb.
  6444 | D:7      | Found a radiant altar of Vehumet.
  6657 | D:8      | Noticed Thundermex's ghost (novice DECj)
  6681 | D:8      | Killed Thundermex's ghost
  6681 | D:8      | Reached * piety under Okawaru
  6681 | D:8      | Reached skill level 1 in Stealth
  6915 | D:8      | Reached skill level 10 in Long Blades
  7141 | D:8      | Noticed Joseph
  7155 | D:8      | Killed Joseph
  7155 | D:8      | Reached skill level 10 in Shields
  7211 | D:8      | Reached ** piety under Okawaru
  7355 | D:8      | Reached XP level 10. HP: 80/86 MP: 9/9
  8002 | D:9      | Reached *** piety under Okawaru
  8034 | D:9      | Noticed an ettin
  8047 | D:9      | Noticed a swamp dragon
  8052 | D:9      | Killed an ettin
  8052 | D:9      | Received a gift from Okawaru
  8052 | D:9      | Reached skill level 11 in Long Blades
  8058 | D:9      | a swamp dragon changed into a snapping turtle
  8061 | D:9      | Noticed a four-headed hydra
  8068 | D:9      | Killed a six-headed hydra
  8070 | D:9      | Reached **** piety under Okawaru
  8070 | D:9      | Reached skill level 12 in Long Blades
  8078 | D:9      | Noticed a five-headed hydra
  8083 | D:9      | Noticed a stone giant
  8083 | D:9      | Hit by a large rock thrown by a stone giant

Skill      XL: |  1  2  3  4  5  6  7  8  9 10 |
---------------+-------------------------------+-----
Fighting       | 4 5 6 7 8 |  8.3
Long Blades    | 3 5 7 8 10 12 | 12.0
Armour         | 4 5 6 8 9 |  9.2
Shields        | 4 5 7 8 10 11 | 11.0
Dodging        | 1 2 3 |  3.2
Stealth        | 1 |  1.0

Action                   |  1- 3 |  4- 6 |  7- 9 | 10-12 || total
-------------------------+-------+-------+-------+-------++-------
Melee: Long sword        |    84 |   178 |   453 |   146 ||   861
       Headbutt          |    11 |    39 |    97 |    33 ||   180
Invok: Heroism           |       |       |       |     1 ||     1
  Use: Scroll            |       |     3 |    12 |       ||    15
       Potion            |       |     1 |     1 |     1 ||     3
  Eat: Chunk             |       |     5 |    16 |     3 ||    24
       Fruit             |       |       |     2 |       ||     2
Armor: Scale mail        |    11 |       |       |       ||    11
       Chain mail        |    34 |    84 |   144 |    54 ||   316
Dodge: Dodged            |    23 |    26 |   101 |    49 ||   199
Block: Shield            |    68 |   127 |   268 |   111 ||   574
       Rpst.: Long sword |     9 |     4 |    33 |    14 ||    60
